 Dungeon Crawl Stone Soup version 0.30-a0-924-g0ad0bf95bc (webtiles) character file.

Game seed: 16831383065376304173

34 Dirian the Covered (level 3, -2/33 HPs)
             Began as a Minotaur Fighter on Mar 22, 2023.
             Killed from afar by Sigmund (6 damage)
             ... with a puff of flame
             ... on level 2 of the Dungeon.
             The game lasted 00:01:41 (1249 turns).

Dirian the Covered (Minotaur Fighter)               Turns: 1249, Time: 00:01:42

Health: -2/33      AC:  7    Str: 20    XL:     3   Next: 14%
Magic:  2/2        EV:  9    Int:  5    God:
Gold:   44         SH:  4    Dex: 11    Spells: 2/2 levels left

rFire   . . .      SeeInvis .    a - +0 long sword
rCold   . . .      Faith    .    c - +0 buckler
rNeg    . . .      Spirit   .    b - +0 scale mail
rPois   .          Reflect  .    (helmet restricted)
rElec   .          Rampage  .    (no cloak)
rCorr   .                        (no gloves)
Will    .....                    (no boots) Stlth
                                 (no amulet)
HPRegen 0.25/turn                (no ring)
MPRegen 0.08/turn                (no ring)

@: mighty
A: horns 2, retaliatory headbutt
a: no special abilities


You were on level 2 of the Dungeon.
You visited 1 branch of the dungeon, and saw 2 of its levels.

You collected 44 gold pieces.

Inventory:

Hand Weapons
 a - a +0 long sword (weapon)
Missiles
 g - 4 boomerangs (quivered)
Armour
 b - a +0 scale mail (worn)
 c - a +0 buckler (worn)
 e - a +0 chain mail
 j - a +0 plate armour
Scrolls
 h - 3 scrolls of amnesia {unknown}
Potions
 f - a potion of brilliance {unknown}
 i - 2 potions of degeneration {unknown}
 k - a potion of curing {unknown}
 l - a potion of flight {unknown}


   Skills:
 + Level 4.0 Fighting
 + Level 2.8 Long Blades
 + Level 4.2 Armour
 + Level 4.1 Shields


You had 2 spell levels left.
You didn't know any spells.
Your spell library contained the following spells:

 Spells                   Type           Power      Damage    Failure   Level
 Sublimation of Blood     Necr           0%         N/A       96%         2
 Petrify                  Tmut/Erth      0%         N/A       100%        4
 Irradiate                Conj/Tmut      0%         3d11      100%        5


Dungeon Overview and Level Annotations

Branches:
Dungeon (2/15) Zot: 10733

Altars:

Shops:
D:2 (

Annotations:
D:2 Sigmund


Innate Abilities, Weirdness & Mutations

You have a pair of horns on your head.
You reflexively headbutt those who attack you in melee.


Message History

Sigmund is nearby!
Sigmund is nearby!
You feel very mighty all of a sudden.
Sigmund hits you from afar with a +0 scythe of flaming.
Sigmund burns you.
A goblin comes into view. It is wielding a +0 sling.
There is a large open door here.
You barely miss Sigmund.
Sigmund drinks a potion.
Sigmund seems to grow stronger.
A rat comes into view.
You closely miss Sigmund. Your headbutt misses Sigmund.
Sigmund hits you but does no damage.
The goblin shoots a sling bullet.
The sling bullet hits you but does no damage.
You slash Sigmund!
Sigmund is moderately wounded.
The goblin shoots a sling bullet.
The sling bullet hits you but does no damage.
Sigmund casts a spell at you. The puff of flame hits you!
The goblin shoots a sling bullet.
The sling bullet hits you but does no damage.
Sigmund mumbles some strange words.
Sigmund flickers and vanishes!
Deactivating autopickup; reactivate with Ctrl-A.
You barely miss something. Something hits you. Something burns you.
The goblin shoots a sling bullet.
The sling bullet closely misses you.
You barely miss something. Your headbutt misses something.
The goblin shoots a sling bullet.
You block the sling bullet. Something hits you!
* * * LOW HITPOINT WARNING * * *
Something burns you.
* * * LOW HITPOINT WARNING * * *
You miss something.
The goblin unwields a +0 sling.
The goblin wields a +0 club.
The goblin hits you but does no damage. Something completely misses you.
You miss something. The goblin hits you but does no damage.
You slice something!! Your headbutt misses something.
You hear some strange, mumbled words.
A puff of flame appears from out of thin air!
The puff of flame hits you.
You die...

######...∩######
#...###'### # .######
#...# #.# # .......
#...# #.# # .......
#...# #.# # .......
#...# #.# # .......
#...# #.# #
......r##...###.########
......g@'...'.........>.
......{##...###.######..
.$....)########+#### #).
...................# #.#
...................# #..
...................# #.#
...................# #.#
....###......|.....# #..
#............# #.#


You could see a goblin and a rat.

Vanquished Creatures
  2 adders (D:2)
  An endoplasm (D:1)
  4 goblins
  2 hobgoblins (D:1)
  2 quokkas (D:1)
  A ball python (D:1)
  2 bats (D:1)
  A kobold (D:1)
  A rat (D:2)
16 creatures vanquished.

Notes
Turn   | Place    | Note
-------+----------+-------------------------------------------
     0 | D:1      | Dirian the Minotaur Fighter began the quest for the Orb.
     0 | D:1      | Reached XP level 1. HP: 19/19 MP: 0/0
   256 | D:1      | Reached XP level 2. HP: 27/27 MP: 1/1
  1050 | D:2      | Reached XP level 3. HP: 8/33 MP: 2/2
  1215 | D:2      | Found Zeoc's Antique Weapon Shoppe.
  1239 | D:2      | Noticed Sigmund
  1249 | D:2      | Killed from afar by Sigmund

Illustrated notes

Levels and vault maps discovered:
D:1:      dpeg_arrival_court, layout_loops_corners
D:2:      layout_basic, serial_shops, shop, minmay_misc_feat_tiny,
          hangedman_decor_peaks_small, uniq_sigmund

Skill      XL: |  1  2 |
---------------+-------+-----
Shields        | 4 |  4.1
Fighting       | 4 |  4.0
Armour         | 4 |  4.2
Long Blades    | |  2.8

Action                     || total
---------------------------++-------
  Melee: Long sword        ||    52
         Headbutt          ||     6
    Use: Potion            ||     1
 Armour: Scale mail        ||    30
  Dodge: Dodged            ||    31
  Block: Buckler           ||    12

Table legend: (Time is in decaauts)
 A = Elapsed time spent in this place.
 B = Non-inter-level travel time spent in this place.
 C = Inter-level travel time spent in this place.
 D = Time resting spent in this place.
 E = Time spent auto-exploring this place.
 F = Levels seen in this place.
 G = Mean time per level.
                   A        B        C        D        E       F      G
               +--------+--------+--------+--------+--------+-----+--------+
         Total |   1264 |   1209 |     55 |      0 |   1061 |   2 |  632.0 |
       Dungeon |   1264 |   1209 |     55 |      0 |   1061 |   2 |  632.0 |
               +--------+--------+--------+--------+--------+-----+--------+

Top non-repeatable levels by time:
     D:1: 954 daAuts
     D:2: 310 daAuts
